 Dungeon Crawl Stone Soup version 0.23.1-44-gbd83930989 (webtiles) character file.

Game seed: 18362185881816632553

7170 PentaManta the Carver (level 11, -2/67 HPs)
             Began as an Octopode Fighter on Mar 30, 2019.
             Slain by a killer bee (9 damage)
             ... on level 10 of the Dungeon.
             The game lasted 00:20:15 (10362 turns).

PentaManta the Carver (Octopode Fighter)           Turns: 10362, Time: 00:20:16

Health: -2/67      AC:  1    Str: 18    XL:     11   Next: 11%
Magic:  11/11      EV: 18    Int: 10    God:
Gold:   261        SH: 10    Dex: 15    Spells: 10/10 levels left

rFire    . . .     SeeInvis .   a - +1 long sword
rCold    + + .     Gourm    .   b - +1 shield
rNeg     . . .     Faith    .   (helmet restricted)
rPois    .         Spirit   .   (no amulet)
rElec    .         Reflect  .   p - ring of protection from fire
rCorr    .         Harm     .   q - ring of protection from fire
MR       .....                  e - ring of ice
Stlth    ++++++....             B - ring of ice
HPRegen  0.21/turn              A - ring of flight
MPRegen  0.12/turn              (no ring)
                                (no ring)
                                (no ring)

@: lethally poisoned (-2 -> -12)
A: almost no armour, stealthy swim, amphibious, 8 rings, constrict 8, camouflage
1, strong 1, wild magic 1, gelatinous body 1
a: Evoke Flight


You were on level 10 of the Dungeon.
You were hungry.

You visited 2 branches of the dungeon, and saw 11 of its levels.

You collected 513 gold pieces.
You spent 252 gold pieces at shops.

Inventory:

Hand Weapons
 a - a +1 long sword (weapon)
Missiles
 x - 4 javelins (quivered)
Armour
 b - a +1 shield (worn)
 o - a +0 large shield
Jewellery
 e - a ring of ice (on tentacle)
 p - a ring of protection from fire (left tentacle)
 q - a ring of protection from fire (right tentacle)
 A - a ring of flight (on tentacle)
 B - a ring of ice (on tentacle)
Wands
 r - a wand of acid (4)
 z - a wand of disintegration (5)
Scrolls
 h - 9 scrolls of teleportation
 i - 2 scrolls of enchant weapon
 j - 3 scrolls of fog
 k - 2 scrolls of identify
 m - 5 scrolls of remove curse
 n - a scroll of magic mapping
 v - 3 scrolls of enchant armour
Potions
 c - a potion of might
 f - a potion of magic
 g - a potion of heal wounds
 l - 2 potions of brilliance
 s - 3 potions of agility
 t - 3 potions of lignification
 u - a potion of mutation
 w - a potion of ambrosia {unknown}
Comestibles
 d - 13 rations


   Skills:
 - Level 3.0 Fighting
 * Level 11.3 Long Blades
 + Level 10.4 Dodging
 - Level 10.3 Stealth
 - Level 3.0 Shields


You had 10 spell levels left.
You didn't know any spells.
Your spell library contained the following spells:

 Spells                   Type           Power        Failure   Level  Hunger
 Confusing Touch          Hex            #.....       91%         1    ##.....
 Confuse                  Hex            #.......     99%         3    ####...
 Gell's Gravitas          Tloc           #.........   99%         3    ####...
 Petrify                  Tmut/Erth      #.......     100%        4    #####..
 Metabolic Englaciation   Hex/Ice        #.........   100%        5    ######.
 Yara's Violent Unravell  Hex/Tmut       #.........   100%        5    ######.


Dungeon Overview and Level Annotations

Branches:
Dungeon (10/15)            Temple (1/1) D:4
   Lair: D:8-11         Orc: D:9-12

Altars:
Cheibriados
Elyvilon
Fedhas
Gozag
Hepliaklqana
Kikubaaqudgha
Makhleb
Nemelex Xobeh
Okawaru
Qazlal
Ru
Sif Muna
Trog
Uskayaw
Vehumet
Wu Jian
Xom
Yredelemnul
Zin
The Shining One

Shops:
D:4 *   D:5 =   D:8 *

Annotations:
D:9 exclusion: two-headed ogre


Innate Abilities, Weirdness & Mutations

You cannot wear most types of armour.
You are very stealthy in the water. (Stealth+)
You are amphibious.
You can wear up to eight rings at the same time.
You can use your tentacles to constrict eight enemies at once.
Your skin changes colour to match your surroundings (Stealth+).
Your rubbery body absorbs attacks. (AC +1, EV +1)
Your muscles are strong. (Str +2)
Your spells are a little harder to cast, but a little more powerful.


Message History

You feel sick. The killer bee completely misses you.
You block the killer bee's attack. The killer bee closely misses you.
You miss the killer bee. You grab the killer bee.
Your squeeze misses the killer bee. You constrict the killer bee.
You feel sick. The killer bee stings you!
* * * LOW HITPOINT WARNING * * *
The killer bee stings you.
* * * LOW HITPOINT WARNING * * *
You block the killer bee's attack. The killer bee stings you.
* * * LOW HITPOINT WARNING * * *
You are lethally poisoned!
The killer bee poisons you!
As you read the scroll of fear, it crumbles to dust.
You assume a fearsome visage.
The crocodile looks frightened!
The wraith is unaffected.
The killer bee looks frightened!
The killer bee resists with some effort.
You constrict the killer bee.
* * * LOW HITPOINT WARNING * * *
You feel sick. You block the killer bee's attack. The killer bee stings you!
You die...

#..........#
#....
#..........#
#.<..
#>.........#
#....
#..........+
#....
#..........#
#....
#..........#
#....
#....y.....#
#....
#####'######
#.|.. #@y.#
#####
########t##### #
..(%W..y.....###
..
?[......V..P...#
#+#
.............P..
..........P.P..P
....^..P...P....
..........P...P.
.....P.......P.P


You could see a crocodile (fleeing) and 2 killer bees.

Vanquished Creatures
  2 two-headed ogres
  Pikel (D:4)
  An ugly thing (D:10)
  A deep elf mage (D:10)
  Joseph (D:8)
  A troll (D:10)
  A hippogriff (D:9)
  A water moccasin (D:8)
  A black bear (D:10)
  4 ice beasts
  An orc warrior (D:8)
  2 phantoms
  A sky beast (D:8)
  4 slaves
  2 ogres (D:8)
  3 centaurs
  Blork the orc (D:4)
  6 bullfrogs
  2 gnoll sergeants (D:6)
  A wyvern skeleton (D:8)
  11 killer bees
  2 scorpions
  A centaur zombie (D:6)
  2 crimson imps
  4 hounds
  An orc priest (D:7)
  4 orc wizards
  2 centaur skeletons
  A bullfrog skeleton (D:5)
  3 iguanas
  Terence (D:2)
  10 worker ants
  A hound zombie (D:7)
  13 gnolls (D:6)
  10 adders
  2 river rats (D:5)
  2 shadow imps
  An ooze (D:1)
  An adder skeleton (D:8)
  2 worms (D:2)
  6 dart slugs
  8 leopard geckos
  10 orcs
  7 bats
  5 giant cockroaches
  14 goblins
  8 hobgoblins
  15 jackals
  9 kobolds
  6 quokkas
  2 ball pythons (D:5)
  2 frilled lizards (D:1)
  A jackal zombie (D:8)
  A leopard gecko skeleton (D:6)
  2 leopard gecko zombies (D:6)
  11 rats
218 creatures vanquished.

Vanquished Creatures (others)
  A human (D:3)
  An adder (D:10)
  41 fungi (D:10)
  13 plants (D:10)
56 creatures vanquished.

Grand Total: 274 creatures vanquished

Notes
Turn   | Place    | Note
-------+----------+-------------------------------------------
     0 | D:1      | PentaManta the Octopode Fighter began the quest for the
                  | Orb.
     0 | D:1      | Reached XP level 1. HP: 16/16 MP: 1/1
    70 | D:1      | Reached skill level 1 in Stealth
    89 | D:1      | Reached XP level 2. HP: 4/21 MP: 2/2
   604 | D:1      | Reached XP level 3. HP: 23/26 MP: 3/3
   951 | D:1      | Found a glowing golden altar of the Shining One.
  1284 | D:2      | Reached XP level 4. HP: 29/31 MP: 4/4
  1585 | D:2      | Noticed Terence
  1594 | D:2      | Killed Terence
  1594 | D:2      | Reached skill level 3 in Long Blades
  1594 | D:2      | Reached XP level 5. HP: 26/36 MP: 5/5
  2332 | D:3      | Noticed a phantom
  2369 | D:3      | Killed a phantom
  2369 | D:3      | Reached skill level 5 in Stealth
  2369 | D:3      | Reached XP level 6. HP: 11/42 MP: 6/6
  2589 | D:3      | Found a stormy altar of Qazlal.
  2589 | D:3      | Found a deep blue altar of Sif Muna.
  2648 | D:3      | Found an ancient bone altar of Kikubaaqudgha.
  2648 | D:3      | Noticed a human
  2651 | D:3      | Killed a human
  2722 | D:4      | Found Big Lant's Assorted Antiques.
  2729 | D:4      | Bought a scroll labeled OPUOSI RUATOF for 31 gold pieces
  2729 | D:4      | Bought a scroll labeled OTIAV HAIDUFUCK for 31 gold pieces
  2729 | D:4      | Bought an amethyst potion for 27 gold pieces
  2729 | D:4      | Bought a scroll labeled FEUXTU ODEMO for 31 gold pieces
  3080 | D:4      | Found a staircase to the Ecumenical Temple.
  3265 | D:4      | Reached skill level 4 in Long Blades
  3265 | D:4      | Reached XP level 7. HP: 39/46 MP: 7/7
  3361 | D:4      | Noticed Blork the orc
  3367 | D:4      | Killed Blork the orc
  3480 | D:4      | Noticed Pikel
  3501 | D:5      | Entered Level 5 of the Dungeon
  3561 | D:5      | Found a snail-covered altar of Cheibriados.
  3672 | D:5      | HP: 1/46 [phantom (7)]
  3978 | D:5      | Reached skill level 5 in Dodging
  4034 | D:5      | Found a shimmering altar of Xom.
  4295 | D:5      | Found Acrounuh's Jewellery Emporium.
  4646 | D:6      | Reached XP level 8. HP: 14/52 MP: 8/8
  4943 | D:6      | Reached skill level 5 in Long Blades
  5352 | D:6      | Reached skill level 10 in Stealth
  6055 | D:7      | Found a shimmering altar of Xom.
  6262 | Temple   | Entered the Ecumenical Temple
  6876 | D:4      | Killed Pikel
  6876 | D:4      | Reached skill level 6 in Long Blades
  6876 | D:4      | Reached XP level 9. HP: 39/56 MP: 9/9
  7247 | D:7      | Reached skill level 7 in Long Blades
  8058 | D:8      | Noticed a two-headed ogre
  8170 | D:8      | Reached skill level 8 in Long Blades
  8326 | D:8      | Killed a two-headed ogre
  8326 | D:8      | Reached XP level 10. HP: 63/63 MP: 10/10
  8348 | D:8      | Reached skill level 9 in Long Blades
  8382 | D:8      | Found Neatsiam's Assorted Antiques.
  8389 | D:8      | Bought a scroll labeled UBO KUWOCO for 22 gold pieces
  8389 | D:8      | Bought a potion of heal wounds for 110 gold pieces
  8536 | D:8      | Noticed Joseph
  8548 | D:8      | Killed Joseph
  8716 | D:8      | Found a deep blue altar of Sif Muna.
  9403 | D:9      | Noticed a two-headed ogre
  9455 | D:9      | Killed a two-headed ogre
  9455 | D:9      | Reached skill level 10 in Long Blades
  9461 | D:10     | Entered Level 10 of the Dungeon
  9514 | D:10     | Reached skill level 10 in Dodging
 10200 | D:10     | Noticed a deep elf mage
 10209 | D:10     | Noticed a cyan ugly thing
 10215 | D:10     | Killed a deep elf mage
 10215 | D:10     | Reached skill level 11 in Long Blades
 10215 | D:10     | Reached XP level 11. HP: 63/67 MP: 11/11
 10220 | D:10     | Killed a cyan ugly thing
 10352 | D:10     | Gained mutation: Your muscles are strong. (Str +2) [potion
                  | of mutation]
 10352 | D:10     | Gained mutation: Your spells are a little harder to cast,
                  | but a little more powerful. [potion of mutation]
 10362 | D:10     | Slain by a killer bee

Skill      XL: |  1  2  3  4  5  6  7  8  9 10 |
---------------+-------------------------------+-----
Stealth        | 1 2 3 4 5 7 8 10 | 10.3
Long Blades    | 3 4 6 8 11 | 11.3
Dodging        | 4 5 7 9 10 | 10.4
Fighting       | |  3.0
Shields        | |  3.0

Action                   |  1- 3 |  4- 6 |  7- 9 | 10-12 || total
-------------------------+-------+-------+-------+-------++-------
Melee: Long sword        |    66 |   130 |   265 |   124 ||   585
       Constrict         |    20 |    35 |    59 |    22 ||   136
       Tentacles         |    11 |    22 |    64 |    40 ||   137
Throw: Javelin           |       |       |     1 |     1 ||     2
Evoke: Wand              |       |       |     3 |     5 ||     8
  Use: Scroll            |       |     9 |     8 |     2 ||    19
       Potion            |       |       |     5 |     4 ||     9
 Stab: Sleeping          |    11 |     9 |    20 |    12 ||    52
       Distracted        |       |     1 |     1 |       ||     2
  Eat: Chunk             |       |     7 |    10 |     6 ||    23
       Ration            |       |       |     2 |       ||     2
Armor: Skin              |     7 |     3 |     9 |     3 ||    22
Dodge: Dodged            |    24 |    55 |   150 |    84 ||   313
Block: Shield            |    18 |    49 |   140 |    70 ||   277
       Rpst.: Long sword |    11 |    18 |    32 |    22 ||    83
